AoeStats
← 『a』『n』『d』『y』

Arabian Desert

509912452Analyzed
1v1 RM · 4d ago on Sep 28, 2026· 33m 43s· 2 players
Game mode
Random Map
Map size
Tiny (2 player)
Population
200
Speed
Normal
Resources
Standard
Victory
Conquest
Starting age
Dark Age
Ending age
Imperial Age
RankedLock teamsTeams togetherTeam positionsShared explorationLock speedFull tech treeHidden civsTurbo modeCheats
Victory
Defeat
🇬🇧 Khmer · United Kingdom
924
+15
🇨🇦 Khmer · Canada
892
-15
King_Reasat
3:50 Loom
9:47 Feudal Age
16:29 Fletching
20:21 Bloodlines
25:17 Castle Age
24:24 Forging
24:20 Scale Barding Armor
26:11 Husbandry
25:32 Light Cavalry
『a』『n』『d』『y』
6:56 Loom
9:40 Feudal Age
10:35 Double-Bit Axe
10:31 Horse Collar
14:48 Scale Barding Armor
20:11 Bloodlines
20:18 Forging
23:24 Castle Age
22:31 Forging
22:36 Bloodlines
24:04 Gold Mining
24:26 Bow Saw
25:25 Iron Casting
24:57 Husbandry
26:17 Pikeman
27:32 Heavy Plow
28:46 Chain Barding Armor
31:21 Wheelbarrow
33:31 Hand Cart
Connection lost

Rejoining the realm…

Still unreachable

The connection could not be restored.

Session expired

The server has moved on; the page needs a fresh start.